 Dungeon Crawl Stone Soup version 0.31.0-9-g3a7656b989 (webtiles) character file.

Game seed: 3032936782529355407

46 qw the Shooter (level 3, -3/18 HPs)
             Began as a Spriggan Hunter on Feb 2, 2024.
             Succumbed to a scorpion's poison
             ... on level 3 of the Dungeon.
             The game lasted 00:00:05 (1578 turns).

qw the Shooter (Spriggan Hunter)                    Turns: 1578, Time: 00:00:05

Health: -3/18      AC:  2    Str:  7    XL:     3   Next: 46%
Magic:  4/4        EV: 19    Int: 10    God:
Gold:   61         SH:  0    Dex: 20    Spells: 2/2 levels left

rFire   . . .        a - +0 shortbow
rCold   . . .        (shield currently unavailable)
rNeg    . . .        c - +0 robe
rPois   .            (helmet restricted)
rElec   .            (no cloak)
rCorr   .            (gloves unavailable)
SInv    +            (boots unavailable)
Will    .....        h - amulet of the acrobat
Stlth   ++           (no ring)
HPRegen 0.23/turn    (no ring)
MPRegen 0.09/turn

%: acrobat
@: lethally poisoned (-3 -> -24), very quick
A: very small, no large weapons, unfitting armour, see invisible, speed 3
a: no special abilities


You were on level 3 of the Dungeon.
You visited 1 branch of the dungeon, and saw 3 of its levels.

You collected 61 gold pieces.


Innate Abilities, Weirdness & Mutations

You are very small and have problems with some larger weapons.
You are too small for most types of armour.
You have supernaturally acute eyesight. (SInv)
You cover ground extremely quickly. (Speed+++)


   Skills:
 - Level 1.5 Fighting
 + Level 4.7 Ranged Weapons
 - Level 4.0 Dodging
 - Level 1.5 Stealth


You had 2 spell levels left.
You didn't know any spells.
Your spell library was empty.

Inventory:

Hand Weapons
 a - a +0 shortbow (weapon)
Armour
 c - a +0 robe (worn)
Jewellery
 h - an amulet of the acrobat (around neck)
Scrolls
 d - a scroll of enchant armour {unknown}
 e - a scroll of immolation {unknown}
 i - a scroll of identify
 j - a scroll of teleportation {unknown}
 k - a scroll of acquirement {unknown}
Potions
 b - a potion of mutation {unknown}
 f - a potion of berserk rage {unknown}
 g - a potion of curing
 l - a potion of magic {unknown}

Dungeon Overview and Level Annotations

Branches:
Dungeon (3/15)

Altars:
Hepliaklqana
Makhleb
Qazlal
Trog
Yredelemnul
The Shining One


Message History

A scorpion comes into view.
You shoot an arrow. The arrow closely misses the scorpion.
You shoot an arrow. The arrow hits the scorpion.
The scorpion is moderately wounded.
You shoot an arrow.
The arrow hits the scorpion but does no damage.
The scorpion is lightly wounded.
You shoot an arrow.
The arrow hits the scorpion but does no damage.
The scorpion is lightly wounded.
You shoot an arrow. The arrow barely misses the scorpion.
The scorpion misses you. The scorpion completely misses you.
You shoot an arrow.
The arrow hits the scorpion but does no damage.
The scorpion is lightly wounded.
The scorpion misses you.
You shoot an arrow. The arrow hits the scorpion.
The scorpion is moderately wounded.
The scorpion stings you.
You shoot an arrow.
The arrow hits the scorpion but does no damage.
The scorpion is moderately wounded.
The scorpion completely misses you. The scorpion barely misses you.
You shoot an arrow. The arrow hits the scorpion.
The scorpion is heavily wounded.
The scorpion stings you.
You are lethally poisoned!
The scorpion poisons you!
You shoot an arrow. The arrow hits the scorpion!
The scorpion is almost dead.
You feel very sick. The scorpion closely misses you.
The scorpion completely misses you.
You shoot an arrow. The arrow barely misses the scorpion.
You feel very sick. The scorpion stings you.
You are more poisoned.
The scorpion poisons you!
You shoot an arrow. The arrow hits the scorpion.
You kill the scorpion!
You die...

########## .........##
#########...######
#................#
#.###..##...####.#####
#@.###.##.........
#%.# #.......[####
#..# ####.##..##
#..######.##...#
...............#
....#####.##...###
...... ###.........
......##.....%.....
#.#.........


There were no monsters in sight!

Vanquished Creatures
  A scorpion (D:3)
  An adder (D:2)
  2 ribbon worms (D:2)
  4 endoplasms
  2 giant cockroaches
  2 goblins (D:2)
  4 hobgoblins
  4 ball pythons
  4 bats
  2 frilled lizards
  A kobold (D:1)
  6 rats
33 creatures vanquished.

Notes
Turn   | Place    | Note
-------+----------+-------------------------------------------
     0 | D:1      | qw the Spriggan Hunter began the quest for the Orb.
     0 | D:1      | Reached XP level 1. HP: 10/10 MP: 2/2
     0 | D:1      | 0 ||| qw: Version: 0.3-a-155-g5e7d8dd
     0 | D:1      | 0 ||| qw: Game counter: 618
     0 | D:1      | 0 ||| qw: Melee chars always use a shield: true
     0 | D:1      | 0 ||| qw: God list: Okawaru
     0 | D:1      | 0 ||| qw: Allow faded altars: false
     0 | D:1      | 0 ||| qw: Do Orc after clearing Dungeon:15 true
     0 | D:1      | 0 ||| qw: Do second Lair branch before Depths: true
     0 | D:1      | 0 ||| qw: Lair rune preference: random
     0 | D:1      | 0 ||| qw: Goals: Normal
     0 | D:1      | 0 ||| PLANNING D:1-11
    54 | D:1      | Reached skill level 3 in Dodging
   378 | D:1      | Reached XP level 2. HP: 14/14 MP: 3/3
   717 | D:1      | 717 ||| UPGRADING to amulet of the acrobat.
   722 | D:1      | 722 ||| READING 2 scrolls labelled ZUPEF PUNESEI.
   722 | D:1      | 722 ||| IDENTIFYING sedimented yellow potion
   723 | D:1      | 723 ||| READING scroll of identify.
   723 | D:1      | 723 ||| IDENTIFYING 2 yellow potions
   724 | D:1      | 724 ||| DRINKING 2 emerald potions.
   725 | D:1      | 725 ||| DROPPING scroll of butterflies.
   726 | D:1      | 726 ||| DROPPING 2 potions of attraction.
   727 | D:1      | 727 ||| DROPPING potion of lignification.
   946 | D:2      | Reached XP level 3. HP: 18/18 MP: 4/4
  1261 | D:2      | 1261 ||| READING scroll labelled UNOOCA OPOYQ.
  1262 | D:2      | 1262 ||| DRINKING 2 green potions.
  1263 | D:2      | 1263 ||| DROPPING potion of brilliance.
  1311 | D:3      | Found a bloodstained altar of Trog.
  1311 | D:3      | Found a glowing golden altar of the Shining One.
  1311 | D:3      | Found a stormy altar of Qazlal.
  1311 | D:3      | Found a hazy altar of Hepliaklqana.
  1317 | D:3      | Found a basalt altar of Yredelemnul.
  1317 | D:3      | Found a burning altar of Makhleb.
  1566 | D:3      | Noticed a scorpion
  1577 | D:3      | HP: 3/18 [poisoned by a scorpion]
  1578 | D:3      | Killed a scorpion
  1578 | D:3      | Succumbed to a scorpion's poison

Levels and vault maps discovered:
D:1:      minmay_arrival_doors, layout_basic
D:2:      layout_basic, serial_park_tiny_pond
D:3:      layout_loops_ring, minmay_overflow_temple_hex,
          chequers_serial_rivers_room_a, minivault_24, st_stairs_5,
          nicolae_elevator_lobby_asterisk

Skill      XL: |  1  2 |
---------------+-------+-----
Dodging        | 3 4 |  4.0
Fighting       | |  1.5
Ranged Weapons | |  4.7
Stealth        | |  1.5

Action                     || total
---------------------------++-------
   Fire: Shortbow          ||   107
    Use: Scroll            ||     3
         Potion            ||     2
 Armour: Robe              ||    12
  Dodge: Dodged            ||    49

Table legend:
 A = Non-vault XP
 B = Vault XP
 C = Vault XP percentage of total XP
 D = Non-vault monster count
 E = Vault monster count
 F = Vault count percentage of total count
                 A         B        C        D         E       F
            +---------+---------+-------+---------+---------+-------
      Total |     148 |       2 |   1.3 |      32 |       1 |   3.0
            +---------+---------+-------+---------+---------+-------
        D:1 |      16 |       0 |   0.0 |      11 |       0 |   0.0
        D:2 |      43 |       0 |   0.0 |      16 |       0 |   0.0
        D:3 |      89 |       2 |   2.2 |       5 |       1 |  16.7
            +---------+---------+-------+---------+---------+-------
